Zel, chaotic female elven Priestess --- |<..--- -- |....%--- . --..|....|.- -....(--- .[...).| -.|....| ---..| ------ ..|.. |.%%.| -..*.. ..@.| |...... -|- --.... ----.-.--... ...- |..[-.........|..-- |..-...%......)... ----.....{....--- ........ | -Ya..... . --@.--- --- Zel the Adept Experience level: 7 Strength: 13 Dexterity: 13 Constitution: 16 Intelligence: 9 Wisdom: 18 Charisma: 9 Health: 0(71) Energy: 121(121) AC: 3 Gold: 255 Moves: 2659 Your Inventory: Coins $ - 255 gold pieces Weapons a - a blessed +1 mace (weapon in hand) l - a blessed +1 spear (in quiver) K - 3 blessed [+4] arrows O - a blessed [+1] dagger Armor c - a blessed +0 small shield (being worn) C - a blessed +1 pair of hard shoes [iron] (being worn) E - a blessed +1 hard hat [dwarvish iron helm] (being worn) Spellbooks g - an uncursed spellbook of healing n - an uncursed spellbook of detect unseen B - an uncursed spellbook of protection Rings F - an uncursed sapphire ring [of poison resistance] (on right hand) Wands I - an uncursed wand of digging [0:7] J - an uncursed wand of striking [0:0] Tools o - an uncursed bag [of holding] y - an uncursed [+0] pick-axe H - an uncursed expensive camera [0:40] L - 7 uncursed [wax] candles N - a blessed figurine of a green mold Gems z - an uncursed red gem [worthless glass] Spells known in the end: Name Level Category Fail Memory a - healing 1 healing 22% [|||||||.] b - light 1 divination 40% [|||||||.] c - detect unseen 3 divination 100% [||||||||] d - detect monsters 1 divination 40% [||||||||] e - protection 1 clerical 40% [||||||||] Your skills at the end: Fighting Skills Weapon Skills mace [Basic / Expert] Spellcasting Skills clerical spells [Basic / Expert] Final Attributes: You were piously aligned. Hunger level was 920. Your alignment was 22 / 23. Monster difficulty range was 1 - 7. Level difficulty was 7. You were immune to sleep. You were immune to poison. You saw invisible. You were telepathic. You had infravision. You were held by an owlbear. Your luck was zero. You are dead. Vanquished creatures: a dwarf lord a plains centaur 2 ponies a fog cloud 4 gnome lords 2 gnomish wizards a gray ooze a wax golem a baby crocodile 2 little dogs a floating eye 2 kittens 7 dwarves a rothe an iguana an acid blob a hobbit 2 large kobolds 2 hobgoblins 30 gnomes 3 geckos 6 jackals a fox a kobold 3 sewer rats 3 grid bugs 3 bats 3 lichens 87 creatures vanquished. Voluntary challenges: You used a wielded weapon 137 times. You read items or engraved 9 times. You put on armor 10 times. You never genocided any monsters. You never polymorphed an object. You never changed form. You used no wishes. You never wrote Elbereth's name. You encountered 1 bones level. You never used any Sokoban shortcuts. Dungeon overview: The Dungeons of Doom: levels 1 to 3 Level 1 a fountain a long staircase Level 3 a general store, a fountain stairs to The Gnomish Mines The Gnomish Mines: levels 4 to 7 Level 4 stairs to The Dungeons of Doom Level 7 (Home Base) <- You were here a delicatessen, a fountain History has recorded: On T:1 you entered the Dungeons of Doom to retrieve the Amulet of Yendor! On T:288 you reached level 2 of The Dungeons of Doom. On T:332 you advanced to experience level 2. On T:392 you advanced to experience level 3. On T:609 you reached level 3 of The Dungeons of Doom. On T:723 you advanced to experience level 4. On T:938 you reached level 1 of The Gnomish Mines. On T:962 you advanced to experience level 5. On T:1048 you advanced to experience level 6. On T:1162 you reached level 2 of The Gnomish Mines. On T:1416 you advanced to experience level 7. On T:1700 you reached level 3 of The Gnomish Mines. On T:2579 you reached level 4 of The Gnomish Mines. Latest messages: [3 turns] The fire ant bites! (2x) You're on fire! [HP-15=56] You miss the fire ant. The fire ant bites! (2x) You're on fire! One of your potions of holy water boils and explodes! Your potion of water boils and explodes! The owlbear hits! The owlbear just misses! [HP-22=34] The fire ant bites! (2x) You're on fire! Your potion of holy water boils and explodes! The owlbear hits! (2x) The owlbear grabs you! The fire ant bites! You die... The bag of holding is empty. Final status: Goodbye Zel the Priestess... You died in The Gnomish Mines on dungeon level 7 with 3286 points, and 255 pieces of gold, after 2659 moves. You were level 7 with a maximum of 71 hit points when you died.